Cogmind - Beta 15 @@@ ROGUE MODE // 2025.05.11 @ 22:16:52 Player: MTF Result: Destroyed by Executioner with Helical Railgun Performance ------------- Evolutions (7) 3500 Regions Visited (25) 5000 Robots Destroyed (145) 725 Value Destroyed (6096) 6096 Prototype IDs (148) 2960 Alien Tech Used (3) 600 Bonus (6193) 6193 TOTAL SCORE: 25074 Bonus ------- High Alert Combat Kills 1005 Follower Combat Kills 3348 Registered with UFD 300 Met Optimus in HQ 500 Met Data Miner 300 Met Zhirov 300 Met Warlord at Base 500 MAIN.C Attacked Warlord 500 Met Optimus at Protoforge 1000 Friendly Fire -1560 Cogmind --------- Core Integrity 0/1300 Matter 300/300 Energy 100/100 System Corruption 13% Temperature Cool (3) Movement Flying (40) Location -3/Protoforge Parts ------- > --- POWER (2) -------- (None) > --- PROPULSION (7) --- Xenon Bombardment Thruster > --- UTILITY (10) ----- Terrain Scan Processor Experimental Core Analyzer Experimental Core Analyzer > --- WEAPON (2) ------- (None) > --- INVENTORY (5) ---- Enhanced Biometal Leg Sigix Broadsword Vortex Lance (40) Vortex Lance (30) Peak State ------------ > --- POWER ------------ Micro Antimatter Reactor Improved Quantum Reactor > --- PROPULSION ------- Experimental VSS Leg Experimental VSS Leg Experimental VSS Leg Experimental VSS Leg Q-thruster Impulse Thruster Array > --- UTILITY ---------- Medium Storage Unit Advanced Signal Interpreter Experimental Terrain Scanner Terrain Scan Processor Experimental Core Analyzer Experimental Core Analyzer Experimental Armor Integrity Analyzer Experimental Cloaking Device Centrium Light Armor Plating Graphene Brace > --- WEAPON ----------- Concept XC Strikerail Concept XC Strikerail > --- INVENTORY -------- Transdimensional Reconstructor Terrabomb Matter Neutralizer Fusion Bomb Launcher Advanced Remote Datajack Sigix Broadsword Vortex Lance Vortex Lance [Rating: 190] Favorites ----------- Power Ion Engine Engine Ion Engine Power Core Micro Nuclear Core Reactor Micro Antimatter Reactor Propulsion Light Treads Treads Light Treads Leg Experimental VSS Leg Wheel Wheel Hover Unit Cooled Antigrav System Flight Unit Flightbrick Utility Advanced Hacking Suite Device Advanced Sensor Array Storage Light Humpback Processor Improved Signal Interpreter Hackware Advanced Hacking Suite Protection Enhanced Scrap Shield Weapon Subdweller Beam Cannon Energy Gun EM Pulse Gun Energy Cannon Subdweller Beam Cannon Ballistic Gun Subdweller Machine Gun Ballistic Cannon Magnetic Acceleration Cannon Launcher Fusion Bomb Launcher Special Weapon Mining Laser Impact Weapon Powered Hammer Slashing Weapon Sigix Broadsword Piercing Weapon Plasma Lance Build | -11 -10 -10 -8 -6 -6 -6 -6 -6 -6 -5 -5 -5 -5 -5 -4 -4 -4 -4 -4 -4 -4 -3 -3 -3 -3 ------- Run | Yrd Mat Sub Scr Fac Was Fac Low Low Dat Pro Fac Upp Upp War Pro Fac Was Fac Upp Upp Zhi Pro Res Qua Frg Slots Evolved 14 | . . . . 8 . . . . . . 2 . . . . 2 . . . . . . 2 . . Power 1 | . . . . . . . . . . . . . . . . . . . . . . . 1 . . Propulsion 5 | . . . . 3 . . . . . . 1 . . . . . . . . . . . 1 . . Utility 8 | . . . . 5 . . . . . . 1 . . . . 2 . . . . . . . . . Weapon . | . . . . . . . . . . . . . . . . . . . . . . . . . . Parts Attached 136 | 5 . 11 6 43 1 6 4 3 . . 6 1 1 9 . 5 . . 1 . 3 . 6 2 23 Power 11 | . . . 1 3 . 1 . . . . . . . 1 . . . . . . . . 1 . 4 Engine 4 | . . . 1 2 . 1 . . . . . . . . . . . . . . . . . . . Core 1 | . . . . 1 . . . . . . . . . . . . . . . . . . . . . Reactor 6 | . . . . . . . . . . . . . . 1 . . . . . . . . 1 . 4 Propulsion 29 | 2 . 1 . 13 . 2 . . . . 1 . . 2 . . . . . . . . 1 . 7 Treads 12 | 2 . 1 . 9 . . . . . . . . . . . . . . . . . . . . . Leg 7 | . . . . 1 . . . . . . . . . . . . . . . . . . . . 6 Wheel 2 | . . . . 2 . . . . . . . . . . . . . . . . . . . . . Hover 1 | . . . . . . . . . . . . . . 1 . . . . . . . . . . . Flight 7 | . . . . 1 . 2 . . . . 1 . . 1 . . . . . . . . 1 . 1 Utility 63 | 1 . 2 2 18 1 3 4 3 . . 4 1 1 4 . 5 . . 1 . 3 . 3 1 6 Device 24 | 1 . 1 1 6 . 2 1 1 . . 3 . 1 2 . 3 . . . . 1 . . 1 . Storage 7 | . . 1 . 3 . . . . . . . . . 1 . . . . . . 1 . 1 . . Processor 15 | . . . . 5 . . 1 . . . . . . 1 . 2 . . 1 . . . 1 . 4 Hackware 6 | . . . . . . 1 . 2 . . 1 1 . . . . . . . . 1 . . . . Protection 11 | . . . 1 4 1 . 2 . . . . . . . . . . . . . . . 1 . 2 Artifact . | . . . . . . . . . . . . . . . . . . . . . . . . . . Weapon 33 | 2 . 8 3 9 . . . . . . 1 . . 2 . . . . . . . . 1 1 6 Energy Gun 4 | 2 . 2 . . . . . . . . . . . . . . . . . . . . . . . Energy Cannon 5 | . . 1 . 3 . . . . . . . . . . . . . . . . . . 1 . . Ballistic Gun 9 | . . 3 2 1 . . . . . . . . . . . . . . . . . . . . 3 Ballistic Cannon 2 | . . . . 2 . . . . . . . . . . . . . . . . . . . . . Launcher 4 | . . 1 . 1 . . . . . . . . . . . . . . . . . . . . 2 Special Weapon 3 | . . 1 . 2 . . . . . . . . . . . . . . . . . . . . . Impact Weapon 1 | . . . 1 . . . . . . . . . . . . . . . . . . . . . . Slashing Weapon 1 | . . . . . . . . . . . . . . . . . . . . . . . . 1 . Piercing Weapon 4 | . . . . . . . . . . . 1 . . 2 . . . . . . . . . . 1 Special Melee Weapon . | . . . . . . . . . . . . . . . . . . . . . . . . . . Unidentified Prototypes 24 | . . 1 . 5 . . 1 1 . . . . . 7 . . . . . . 3 . . 1 5 Corrupted Parts 1 | . . . . . . . . 1 . . . . . . . . . . . . . . . . . System Corruption 3 | . . . . . . . . 3 . . . . . . . . . . . . . . . . . Parts Lost 23 | . . 1 . 4 . . . . . . . . . . . . . . . . . . . . 18 Power 1 | . . . . . . . . . . . . . . . . . . . . . . . . . 1 Propulsion 9 | . . . . 2 . . . . . . . . . . . . . . . . . . . . 7 Utility 9 | . . . . 2 . . . . . . . . . . . . . . . . . . . . 7 Weapon 4 | . . 1 . . . . . . . . . . . . . . . . . . . . . . 3 Highest Loss Streak 13 | . . 1 . 4 . . . . . . . . . . . . . . . . . . . . 13 To Critical Strikes . | . . . . . . . . . . . . . . . . . . . . . . . . . . Average Backups 10 | 4 5 8 16 19 9 9 5 5 5 5 4 4 5 4 5 4 4 4 4 5 4 5 5 9 8 Power . | 1 1 . . 1 . . . . . . . . . . . . . . . . . . . . . Propulsion . | 2 2 . . 2 . . . . . . . . . . . . . . . . . . . . . Utility 3 | . . 3 5 7 4 4 2 2 3 3 2 1 2 2 2 1 1 1 1 2 1 1 1 2 . Weapon 4 | 1 2 4 7 5 2 1 2 2 2 1 2 3 3 2 2 2 2 2 2 2 2 2 3 4 5 Tool/Special . | . . . . . . . . . . . . . . . . . . . . . . . . . . Unused Backups 34 | . . 7 2 6 . 4 2 . . . . . . 3 . . . . . . 1 . 1 4 4 Power 1 | . . . . 1 . . . . . . . . . . . . . . . . . . . . . Propulsion 4 | . . 2 . 1 . . . . . . . . . 1 . . . . . . . . . . . Utility 13 | . . 3 1 . . 3 2 . . . . . . . . . . . . . 1 . 1 2 . Weapon 12 | . . 2 1 4 . . . . . . . . . 2 . . . . . . . . . 1 2 Tool/Special 4 | . . . . . . 1 . . . . . . . . . . . . . . . . . 1 2 Average Slot Usage (%) 84 | . 100 95 85 90 48 58 61 69 72 72 71 75 75 74 75 74 77 77 77 77 71 77 77 81 78 Engine 8 | . 14 14 14 5 . . 5 5 5 5 5 5 5 2 . . . . . . . . . . . Reactor 1 | . . . . . . . . . . . . . . 2 5 4 4 4 4 4 4 4 6 8 8 Treads 17 | . 28 28 28 27 . . . . . . . . . . . . . . . . . . . . . Flight 3 | . . . . . 5 7 11 11 11 11 10 10 10 9 10 9 9 9 9 9 9 9 10 12 9 Device 9 | . 14 9 . 6 9 11 10 11 11 11 17 18 15 14 15 18 18 18 18 18 18 22 16 16 15 Storage 8 | . 14 14 13 6 5 5 . . . . . . . . . . . . . . . . 1 4 3 Processor 7 | . . . . 20 11 11 11 16 16 16 12 10 10 10 10 10 13 13 13 13 11 9 11 12 16 Hackware 5 | . . . . . . 4 5 8 11 11 11 16 20 20 20 18 18 18 18 18 18 18 16 16 9 Protection 2 | . . . . 7 5 5 4 5 5 5 5 5 5 5 5 4 4 4 4 4 4 4 4 3 . Energy Cannon 6 | . . 7 13 3 . . . . . . . . . . 5 4 4 4 4 4 . 2 1 . . Ballistic Gun 2 | . . 6 . 3 . . . . . . . . . . . . . . . . . . . . 2 Special Weapon 6 | . . 10 10 . . . 5 4 5 4 4 5 5 4 . . . . . . . 1 3 3 . Impact Weapon 1 | . . . 3 2 5 4 5 4 5 5 3 . . . . . . . . . . . . . . Peak Build Rating 190 | 7 7 15 26 77 67 83 95 102 101 102 127 128 129 140 139 157 153 153 154 154 162 162 170 184 190 Average Rating 64 | 6 7 11 21 55 66 73 88 98 100 100 117 126 127 129 139 151 153 153 153 154 151 160 164 169 170 On Entrance 106 | 6 7 7 15 24 67 67 80 95 100 101 100 126 128 127 139 139 153 153 153 154 154 162 162 167 184 Naked Turns . | . . . . . . . . . . . . . . . . . . . . . . . . . . Heaviest Build 146 | 14 14 54 65 146 24 28 30 37 30 30 36 36 35 38 38 39 39 39 39 39 40 40 47 47 62 Greatest Support 133 | 40 40 40 40 122 24 28 30 30 30 30 37 37 37 40 40 40 40 40 40 40 40 40 48 48 133 Greatest Overweight (x) 7 | . . 1 1 7 . . . 1 . . . . . 2 . . . . . . . . . . 1 Average Overweight (x) . | . . . . . . . . . . . . . . . . . . . . . . . . . . Largest Inventory Capacity 25 | 8 8 25 25 25 10 10 10 5 5 5 5 5 5 5 5 5 5 5 5 5 5 5 10 10 10 Average Capacity 14 | 8 8 13 24 23 10 10 5 5 5 5 5 5 5 5 5 5 5 5 5 5 5 5 6 10 9 Most Carried 25 | 6 6 19 25 25 10 10 10 5 5 5 5 5 5 5 5 4 4 4 5 5 5 5 8 10 10 Average Carried 12 | 4 5 10 21 22 9 9 5 4 5 5 4 4 5 4 5 4 4 4 4 5 4 5 5 9 9 Final Capacity 25 | 8 8 25 25 10 10 10 5 5 5 5 5 5 5 5 5 5 5 5 5 5 5 5 10 10 5 Final Carried 25 | 5 6 19 25 10 10 10 5 5 5 5 5 5 5 5 5 4 4 4 5 5 5 5 8 9 5 Class Distribution -------------------- 61% | Mutant 18% | Hacker-Ninja 10% | Hacker-Scout 4% | Scavenger-Mutant 3% | Subdweller-Mutant Dominant Class ---------------- Mutant | -10/Materials Mutant | -10/Subcaves Mutant | -8/Scraptown Mutant | -6/Factory Scavenger-Mutant | -6/Waste Scavenger-Mutant | -6/Factory Mutant | -6/Lower Caves Hacker-Ninja | -6/Lower Caves Hacker-Ninja | -6/Data Miner Hacker-Ninja | -5/Proximity Caves Hacker-Scout | -5/Factory Hacker-Scout | -5/Upper Caves Hacker-Scout | -5/Upper Caves Hacker-Scout | -5/Warlord Hacker-Scout | -4/Proximity Caves Hacker-Ninja | -4/Factory Hacker-Ninja | -4/Waste Hacker-Ninja | -4/Factory Hacker-Ninja | -4/Upper Caves Hacker-Ninja | -4/Upper Caves Hacker-Ninja | -4/Zhirov Hacker-Ninja | -3/Proximity Caves Hacker-Ninja | -3/Research Hacker-Ninja | -3/Quarantine Hacker-Ninja | -3/Protoforge Resources | -11 -10 -10 -8 -6 -6 -6 -6 -6 -6 -5 -5 -5 -5 -5 -4 -4 -4 -4 -4 -4 -4 -3 -3 -3 -3 ----------- Run | Yrd Mat Sub Scr Fac Was Fac Low Low Dat Pro Fac Upp Upp War Pro Fac Was Fac Upp Upp Zhi Pro Res Qua Frg Matter Collected 6167 | 250 . 274 100 2286 . 361 149 549 . 114 190 30 60 140 . 50 . . 30 20 . 113 81 59 1311 Remotely 945 | . . . . 734 . 211 . . . . . . . . . . . . . . . . . . . Salvage Created 7649 | 192 . 87 129 2485 . 249 58 406 . . 839 98 . . . . . . . . . 26 316 173 2591 Parts 327 | 13 2 5 2 93 . 7 4 21 . . 21 3 . . . . . . . . . 1 12 14 129 Haulers Intercepted 9 | . . . . 2 . . . . . . 6 . . . . . . . . . . . . . 1 Recyclers Shooed 8 | 1 . . . 5 . . . . . . . . . . . . . . . . . . 2 . . Parts Field Recycled . | . . . . . . . . . . . . . . . . . . . . . . . . . . Retrieved Matter . | . . . . . . . . . . . . . . . . . . . . . . . . . . Parts Self-Destructed 31 | . . 19 . . . . . 3 . . . 1 . . 2 . . . . . . 6 . . . Prevented 58 | . . . . . . . . 4 . . . 14 2 . 25 . . . . . . 13 . . . Kills | -11 -10 -10 -8 -6 -6 -6 -6 -6 -6 -5 -5 -5 -5 -5 -4 -4 -4 -4 -4 -4 -4 -3 -3 -3 -3 ------- Run | Yrd Mat Sub Scr Fac Was Fac Low Low Dat Pro Fac Upp Upp War Pro Fac Was Fac Upp Upp Zhi Pro Res Qua Frg Combat Hostiles Destroyed 89 | . . 1 3 29 . 1 . . . . . . . . . . . . . . . . . 1 54 Melee 7 | . . . 1 . . 1 . . . . . . . . . . . . . . . . . 1 4 Guns 41 | . . 1 1 6 . . . . . . . . . . . . . . . . . . . . 33 Cannons 23 | . . . 1 22 . . . . . . . . . . . . . . . . . . . . . AOE 17 | . . . . . . . . . . . . . . . . . . . . . . . . . 17 Classes Destroyed 27 | 2 . 2 3 11 . . 2 . . . . . . . . . . . . . . . . . 7 Worker 5 | . . . . 5 . . . . . . . . . . . . . . . . . . . . . Builder 9 | . . . . 4 . 4 . . . . . . . . . . . . . . . . 1 . . Tunneler 8 | 7 1 . . . . . . . . . . . . . . . . . . . . . . . . Hauler 9 | . . . . 2 . . . . . . 6 . . . . . . . . . . . . . 1 Recycler 10 | 1 . . . 5 . 1 . . . . 1 . . . . . . . . . . . 2 . . Mechanic 2 | . . . . 1 . . . . . . . . . . . . . . . . . . . . 1 Operator 2 | . . . . 1 . . . . . . 1 . . . . . . . . . . . . . . Drone 14 | . . . . . . . . . . . . . . . . . . . . . . . . . 14 Watcher 8 | . . . . 1 . . . . . . 3 . . . . . . . . . . . 1 3 . Swarmer 4 | . . 1 . . . 1 . . . . . . . . . . . . . . . . . . 2 Saboteur 2 | . . . . . . . . . . . . . . . . . . . . . . . . . 2 Grunt 18 | . . . . 13 . . . . . . . . . . . . . . . . . . . . 5 Brawler 3 | . . . . 2 . . . . . . . . . . . . . . . . . . . . 1 Duelist 2 | . . . . . . . . . . . . . . . . . . . . . . . . . 2 Protector 2 | . . . . . . . . . . . . . . . . . . . . . . . . . 2 Sentry 6 | . . . . 5 . . . . . . . . . . . . . . . . . . . . 1 Hunter 8 | . . . . 2 . . . . . . . . . . . . . . . . . . . . 6 Programmer 14 | . . . . 7 . . . . . . . . . . . . . . . . . . . 1 6 Hotshot 3 | . . . . . . . . . . . . . . . . . . . . . . . . . 3 Striker 5 | . . . . . . . . . . . . . . . . . . . . . . . . . 5 Executioner 4 | . . . . . . . . . . . . . . . . . . . . . . . . . 4 Artisan 2 | . . 2 . . . . . . . . . . . . . . . . . . . . . . . Federalist 1 | . . . 1 . . . . . . . . . . . . . . . . . . . . . . Guru 1 | . . . 1 . . . . . . . . . . . . . . . . . . . . . . Scrapper 1 | . . . 1 . . . . . . . . . . . . . . . . . . . . . . Scrapoid 2 | . . . . . . . . . . . . . . . . . . . . . . . . . 2 Samaritan 4 | . . . . . . . 1 3 . . . . . . . . . . . . . . . . . Tinkerer 3 | . . . . . . . 1 . . . . 1 . . . . . . . . . 1 . . . Wizard 3 | . . . . . . . . 3 . . . . . . . . . . . . . . . . . Best Kill Streak 31 | 3 1 1 2 5 . 3 . . . . 2 . . . . . . . . . . . 1 2 31 Combat Bots Only 29 | . . 1 2 5 . 1 . . . . . . . . . . . . . . . . . 1 29 Max Kills in Single Turn 4 | 1 1 1 1 1 . 1 1 1 . . 1 1 . . . . . . . . . 1 1 1 4 Gunslinging 1 | . . . . . . . . . . . . . . . . . . . . . . . . . 1 Exploded 4 | . . . . . . . . . . . . . . . . . . . . . . . . . 4 Melee 1 | . . . 1 . . 1 . . . . . . . . . . . . . . . . . 1 1 Uniques/NPCs Destroyed . | . . . . . . . . . . . . . . . . . . . . . . . . . . Combat | -11 -10 -10 -8 -6 -6 -6 -6 -6 -6 -5 -5 -5 -5 -5 -4 -4 -4 -4 -4 -4 -4 -3 -3 -3 -3 -------- Run | Yrd Mat Sub Scr Fac Was Fac Low Low Dat Pro Fac Upp Upp War Pro Fac Was Fac Upp Upp Zhi Pro Res Qua Frg Hostile Shots Fired 697 | . . 5 18 271 . 17 6 9 . . 6 . . . 8 23 . . . . . . 3 14 317 Missed 238 | . . 2 3 90 . 9 3 6 . . 4 . . . 3 8 . . . . . . 2 2 106 Hits 459 | . . 3 15 181 . 8 3 3 . . 2 . . . 5 15 . . . . . . 1 12 211 Melee 4 | . . . . 2 . . . . . . . . . . . . . . . . . . . . 2 Projectile 455 | . . 3 15 179 . 8 3 3 . . 2 . . . 5 15 . . . . . . 1 12 209 AOE 3 | . . . . 1 . . . . . . . . . 2 . . . . . . . . . . . Critical Strikes 23 | . . . . 7 . . . . . . . . . . 1 2 . . . . . . . . 13 Actively Blocked 16 | . . . . . . . . . . . . . . . 1 2 . . . . . . . . 13 Part Disruptions 1 | . . . . . . . . . . . . . . . . 1 . . . . . . . . . Damage Taken 9078 | . . 128 183 2199 . 99 25 21 . . 146 . . 60 109 312 . . . . . . 77 250 5469 Core 1609 | . . 27 32 176 . 16 . 6 . . . . . 4 21 60 . . . . . . . . 1267 Absorbed by Shields 32 | . . . . . . . . . . . 6 . . 26 . . . . . . . . . . . Redirected to Shielding 145 | . . . . . . . . . . . . . . . . . . . . . . . . . 145 Ignored by Resistances 263 | . . . . 263 . . . . . . . . . . . . . . . . . . . . . Regen/Repaired (Parts) 662 | . . . 300 . . . . . . . . . . 59 . . . . . . . . . 75 228 Core Remaining (%) 88 | 100 . . 76 . . . . . . 76 . . . . 97 . . . . . . 94 . . . Volleys Fired 538 | 50 . 61 6 141 . 20 . 41 . 4 4 . 3 5 8 59 . 7 . 1 . 6 . 1 121 Largest 2 | 1 . 2 2 2 . 1 . 1 . 1 1 . 1 1 1 1 . 1 . 1 . 1 . 1 2 Hottest 134 | 40 . 100 110 134 . 90 . 90 . 90 90 . 90 90 90 90 . 90 . 90 . 90 . 105 105 Shots Fired 679 | 50 . 63 12 248 . 18 . 41 . 4 4 . 3 5 8 59 . 7 . 1 . 6 . 1 149 Gun 276 | 50 . 21 10 76 . . . . . . . . . . . . . . . . . . . . 119 Cannon 312 | . . . 2 172 . 18 . 4 . 4 4 . 3 5 8 59 . 7 . 1 . 6 . 1 18 Launcher 13 | . . 1 . . . . . . . . . . . . . . . . . . . . . . 12 Special 78 | . . 41 . . . . . 37 . . . . . . . . . . . . . . . . . Kinetic 285 | . . 8 10 148 . . . . . . . . . . . . . . . . . . . . 119 Thermal 382 | 50 . 55 2 100 . 18 . 41 . 4 4 . 3 5 8 59 . 7 . 1 . 6 . 1 18 Explosive 12 | . . . . . . . . . . . . . . . . . . . . . . . . . 12 Electromagnetic . | . . . . . . . . . . . . . . . . . . . . . . . . . . Robot Hit Streak 34 | 10 . 7 5 34 . 2 . 2 . . . . . . 9 3 . . . . . 4 . 1 24 Robot Miss Streak 6 | 2 . 2 1 4 . 2 . 6 . . . . . . 1 . . . . . . 1 . . 2 Penetration Max 2 | . . . . . . . . . . . . . . . . . . . . . . . . . 2 Secondary Targets 3 | . . . . . . . . . . . . . . . . . . . . . . . . . 3 Max Gunslinging Chain 1 | . . . . . . . . . . . . . . . . . . . . . . . . . 1 Shots Hit Robots 453 | 37 . 14 8 169 . 9 2 23 . . 26 3 . . 9 3 . 1 . . . 3 11 11 124 Core Hits 233 | 9 . 7 4 71 . 2 1 5 . . 7 2 . . . . . . . . . 2 4 5 114 Critical Kills 13 | . . . . 2 . 1 1 . . . . . . . . . . . . . . . . . 9 Critical Parts Destroyed 9 | . . . . 2 . . . 1 . . . . . . . . . . . . . . . . 6 Critical Strikes 29 | . . . . 9 . 1 1 1 . . . . . . 1 . . . . . . . . . 16 Meltdown 1 | . . . . 1 . . . . . . . . . . . . . . . . . . . . . Destroy 17 | . . . . 2 . . . . . . . . . . . . . . . . . . . . 15 Blast 5 | . . . . 5 . . . . . . . . . . . . . . . . . . . . . Smash 4 | . . . . 1 . 1 1 1 . . . . . . . . . . . . . . . . . Sever 1 | . . . . . . . . . . . . . . . . . . . . . . . . . 1 Impale 1 | . . . . . . . . . . . . . . . 1 . . . . . . . . . . Melee Attacks 312 | . . . . 65 . 33 8 30 . 7 61 3 1 3 4 3 . 2 . . . 2 18 27 45 Impact 184 | . . . . 65 . 33 8 30 . 7 41 . . . . . . . . . . . . . . Slashing 37 | . . . . . . . . . . . . . . . . . . . . . . . . 2 35 Piercing 81 | . . . . . . . . . . . 20 3 1 3 4 3 . 2 . . . 2 18 25 . Entropic 10 | . . . . . . . . . . . . . . . . . . . . . . . . . 10 Sneak Attacks 46 | . . . . 10 . 5 2 9 . . 8 2 . . . . . . . . . 2 4 . 4 Combat Hostiles 1 | . . . . . . . . . . . . . . . . . . . . . . . . . 1 Follow-up Attacks . | . . . . . . . . . . . . . . . . . . . . . . . . . . Damage Inflicted 20560 | 419 5 193 183 5210 . 565 181 894 . . 1628 257 . 64 325 119 . 37 . . . 176 854 552 8898 Guns 5223 | 419 . 169 152 1041 . . . . . . . . . . . . . . . . . . . . 3442 Cannons 3810 | . . . 27 3191 . 117 . . . . . . . 64 225 119 . . . . . 32 . 35 . Explosions 3956 | . . . . . . . . . . . . . . . . . . . . . . . . . 3956 Melee 7383 | . . . . 934 . 448 181 797 . . 1628 257 . . 100 . . 37 . . . 144 854 517 1486 Ramming 67 | . 5 . 4 44 . . . . . . . . . . . . . . . . . . . . 14 Kinetic 6169 | . . 85 152 2490 . . . . . . . . . . . . . . . . . . . . 3442 Thermal 2985 | 419 . 108 27 1742 . 117 . 97 . . . . . 64 225 119 . . . . . 32 . 35 . Explosive 3956 | . . . . . . . . . . . . . . . . . . . . . . . . . 3956 Electromagnetic . | . . . . . . . . . . . . . . . . . . . . . . . . . . Impact 3308 | . . . . 934 . 448 181 797 . . 948 . . . . . . . . . . . . . . Slashing 858 | . . . . . . . . . . . . . . . . . . . . . . . . . 858 Piercing 2589 | . . . . . . . . . . . 680 257 . . 100 . . 37 . . . 144 854 517 . Entropic 628 | . . . . . . . . . . . . . . . . . . . . . . . . . 628 Highest Corruption 21 | . . . . 8 17 18 18 21 21 21 . . . . . 3 3 3 3 3 3 3 . 4 13 Average Corruption 8 | . . . . 2 13 17 18 19 21 21 . . . . . 2 3 3 3 3 3 3 . 3 7 Corruption Purged 4 | . . . . 4 . . . . . . . . . . . . . . . . . . . . . Corruption Blocked . | . . . . . . . . . . . . . . . . . . . . . . . . . . Effects 207 | . . . . 37 1 36 15 28 2 18 . . . . . . 2 5 4 4 2 6 . 5 42 Message Errors 51 | . . . . 8 . 8 2 9 1 8 . . . . . . . 1 2 . . 2 . 1 9 Matter Fused 55 | . . . . 13 . 7 5 7 . 4 . . . . . . . . 1 . 1 2 . 4 11 Heat Flow Errors 21 | . . . . 3 . 4 4 4 . 1 . . . . . . 1 1 . . . 1 . . 2 Energy Discharges 19 | . . . . 1 . 5 1 3 1 1 . . . . . . . 1 . 3 . . . . 3 Parts Rejected 2 | . . . . . . . . 1 . . . . . . . . 1 . . . . . . . . Parts Fused 4 | . . . . 1 . . . 1 . . . . . . . . . . 1 . 1 . . . . Data Loss (minor) 21 | . . . . 3 . 5 1 2 . 1 . . . . . . . . . 1 . 1 . . 7 Data Loss (major) 12 | . . . . 3 . 3 1 1 . 3 . . . . . . . . . . . . . . 1 Misfires 4 | . . . . 2 . 1 . . . . . . . . . . . . . . . . . . 1 Alerts 7 | . . . . 3 . . 1 . . . . . . . . . . 2 . . . . . . 1 Misdirections 4 | . . . . . 1 . . . . . . . . . . . . . . . . . . . 3 Weapon Failures 7 | . . . . . . 3 . . . . . . . . . . . . . . . . . . 4 Overload Shots . | . . . . . . . . . . . . . . . . . . . . . . . . . . Overflow Damage 2379 | . . . . 514 . 252 72 431 . . 220 30 . 8 . . . . . . . 55 105 41 651 Projectiles 97 | . . . . 29 . 34 . . . . . . . 8 . . . . . . . . . 26 . Explosions 51 | . . . . . . . . . . . . . . . . . . . . . . . . . 51 Melee 2231 | . . . . 485 . 218 72 431 . . 220 30 . . . . . . . . . 55 105 15 600 Knockbacks 28 | . . . . 22 . 2 . 4 . . . . . . . . . . . . . . . . . Impact 10 | . . . . 4 . 2 . 4 . . . . . . . . . . . . . . . . . Kinetic 18 | . . . . 18 . . . . . . . . . . . . . . . . . . . . . Secondary . | . . . . . . . . . . . . . . . . . . . . . . . . . . Self-Inflicted Damage 13 | . . . . . . . . . . . . . . . . . . . . . . . . . 13 Shots 1 | . . . . . . . . . . . . . . . . . . . . . . . . . 1 Rammed 9 | . 1 . 1 7 . . . . . . . . . . . . . . . . . . . . . Targets Rammed 12 | . 2 . 1 7 . . . . . . . . . . . . . . . . . . . . 2 Kicked 2 | . . . . . . . . . . . . . . . . . . . . . . . . . 2 Crushed 1 | . 1 . . . . . . . . . . . . . . . . . . . . . . . . Highest Temperature 331 | . . . 158 331 . 270 176 276 . 257 36 . 108 200 222 302 124 165 . 36 . 99 . 32 288 Average Temperature 76 | . . . 75 78 . 60 85 103 . 99 20 . 52 105 85 73 65 58 . 18 . 41 . 24 97 Received Heat Transfer 1653 | . . 6 96 537 . . . 6 . . 18 . . . 33 12 . . . . . . 12 . 933 Effects 3 | . . . . . . . . . . . . . . . . 3 . . . . . . . . . Interference 3 | . . . . . . . . . . . . . . . . 3 . . . . . . . . . Siege Activations . | . . . . . . . . . . . . . . . . . . . . . . . . . . Martial Activations . | . . . . . . . . . . . . . . . . . . . . . . . . . . Shielding Activations . | . . . . . . . . . . . . . . . . . . . . . . . . . . Robots Disrupted . | . . . . . . . . . . . . . . . . . . . . . . . . . . Combat Hostiles . | . . . . . . . . . . . . . . . . . . . . . . . . . . Robots Corrupted 16 | . . . . 5 . 4 1 3 . . 3 . . . . . . . . . . . . . . Combat Hostiles 1 | . . . . . . . . 1 . . . . . . . . . . . . . . . . . Parts Fried 37 | . . . . 13 . 10 . 10 . . 2 . . . . . . . . . . . . . 2 Impact Corruptions 58 | . . . . 17 . 8 5 23 . . 5 . . . . . . . . . . . . . . Robots Melted 1 | . . . . 1 . . . . . . . . . . . . . . . . . . . . . Combat Hostiles 1 | . . . . 1 . . . . . . . . . . . . . . . . . . . . . Parts Melted 5 | . . . 1 3 . . . 1 . . . . . . . . . . . . . . . . . Heat Transferred 4760 | 950 . 275 37 2361 . 150 . 300 . . . . . 100 350 150 . . . . . 50 . 37 . Parts Sabotaged 4 | . . . . 4 . . . . . . . . . . . . . . . . . . . . . Parts Stolen . | . . . . . . . . . . . . . . . . . . . . . . . . . . Parts Stripped . | . . . . . . . . . . . . . . . . . . . . . . . . . . Power Chain Reactions . | . . . . . . . . . . . . . . . . . . . . . . . . . . Alert | -11 -10 -10 -8 -6 -6 -6 -6 -6 -6 -5 -5 -5 -5 -5 -4 -4 -4 -4 -4 -4 -4 -3 -3 -3 -3 ------- Run | Yrd Mat Sub Scr Fac Was Fac Low Low Dat Pro Fac Upp Upp War Pro Fac Was Fac Upp Upp Zhi Pro Res Qua Frg Maximum Alert Level 3 | . . . . 2 1 . . . . . 2 . . . . 1 . . . . . . 1 . 3 Low Security (%) 66 | 100 100 . . 47 . 100 . . . . 64 . . . . 71 100 100 . . . . 87 100 60 Level 1 20 | . . . . 34 100 . . . . . 13 . . . . 28 . . . . . . 12 . 16 Level 2 10 | . . . . 18 . . . . . . 22 . . . . . . . . . . . . . 1 Level 3 3 | . . . . . . . . . . . . . . . . . . . . . . . . . 21 Level 4 . | . . . . . . . . . . . . . . . . . . . . . . . . . . Level 5 . | . . . . . . . . . . . . . . . . . . . . . . . . . . High Security . | . . . . . . . . . . . . . . . . . . . . . . . . . . Max Security . | . . . . . . . . . . . . . . . . . . . . . . . . . . Peak Influence 1076 | 10 5 . . 639 222 158 . . . . 562 . . . . 266 74 37 . . . . 251 157 1076 Initial 222 | . . . . . 222 141 . . . . . . . . . 84 74 37 . . . . 6 125 . Average 169 | 1 1 . . 213 215 68 . . . . 160 . . . . 168 65 11 . . . . 102 84 257 Influence Increases 7040 | 40 5 115 . 1207 . 212 15 25 . . 1237 157 29 206 443 650 . 92 . . . 273 469 181 1684 Destroy 0b10 Robot/C 3100 | . . 80 . 660 . 20 . . . . 480 100 20 80 280 220 . . . . . 160 220 20 760 Destroy 0b10 Robot/NC 420 | 40 5 . . 95 . 25 . 10 . . 80 5 . . . 10 . . . . . 10 35 15 90 Destroy Leader 622 | . . . . 206 . . . . . . 114 10 . . 30 60 . . . . . 20 36 16 130 Allied During Kill 679 | . . 5 . 15 . . . . . . 214 42 9 51 88 68 . . . . . 83 103 1 . Successful Hack 134 | . . . . . . 45 . . . . . . . . . . . 24 . . . . . 28 37 Disable Machine 495 | . . . . 45 . 30 . . . . 45 . . . . 30 . . . . . . 15 75 255 Destroy Structure 630 | . . . . 96 . 32 . . . . 124 . . . . 112 . 8 . . . . 60 26 172 Partial Spotted 60 | . . . . . . . . . . . 45 . . . . . . 15 . . . . . . . Lose Combat Pursuer 900 | . . 30 . 90 . 60 15 15 . . 135 . . 75 45 150 . 45 . . . . . . 240 Influence Decreases 5968 | 40 . 120 . 570 435 387 42 10 15 . 758 348 261 234 336 573 158 146 . . . 264 255 404 612 Entered New Map 1129 | . . 3 . . 415 61 11 . 15 . . 178 55 56 28 51 138 17 . . . . 3 98 . Time Decay 3301 | 40 . 57 . 490 20 326 31 10 . . 318 150 206 118 208 262 20 111 . . . 164 172 237 361 Lost Part 220 | . . . . 40 . . . . . . . . . . . . . . . . . . . . 180 Lost Ally 885 | . . 60 . 40 . . . . . . 140 20 . 60 100 260 . 18 . . . 100 80 3 4 Purge Threat 433 | . . . . . . . . . . . 300 . . . . . . . . . . . . 66 67 Squads Dispatched 71 | . . . . 14 . 6 . . . . 15 . . . . 11 . 6 . . . . 6 3 10 Investigation 31 | . . . . 5 . 3 . . . . 9 . . . . 6 . 4 . . . . 1 . 3 Extermination 16 | . . . . 6 . 1 . . . . 2 . . . . 1 . . . . . . 2 3 1 Reinforcement 18 | . . . . 2 . 2 . . . . 4 . . . . 4 . . . . . . . . 6 Assault 1 | . . . . 1 . . . . . . . . . . . . . . . . . . . . . Garrison 5 | . . . . . . . . . . . . . . . . . . 2 . . . . 3 . . Intercept . | . . . . . . . . . . . . . . . . . . . . . . . . . . Searches Triggered . | . . . . . . . . . . . . . . . . . . . . . . . . . . Construction Impeded 2 | . . . . . . 1 . . . . 1 . . . . . . . . . . . . . . Haulers Reinforced 4 | . . . . 1 . . . . . . 2 . . . . 1 . . . . . . . . . Active Scanning Responses . | . . . . . . . . . . . . . . . . . . . . . . . . . . Cargo Convoy Interrupts . | . . . . . . . . . . . . . . . . . . . . . . . . . . Stealth | -11 -10 -10 -8 -6 -6 -6 -6 -6 -6 -5 -5 -5 -5 -5 -4 -4 -4 -4 -4 -4 -4 -3 -3 -3 -3 --------- Run | Yrd Mat Sub Scr Fac Was Fac Low Low Dat Pro Fac Upp Upp War Pro Fac Was Fac Upp Upp Zhi Pro Res Qua Frg Distress Signals 16 | . . . . 2 . 2 . . . . 1 . . . . 2 . . . . . . 1 1 7 Communications Jammed 72 | . . . . . . . . . . . 1 . . . . . . . . . . . . 64 7 Distress Signals 72 | . . . . . . . . . . . 1 . . . . . . . . . . . . 64 7 Times Spotted 358 | . . 19 8 48 2 6 1 4 . . 39 5 1 38 14 15 6 9 . . . 2 15 10 116 Peak Tracking Total 20 | . . 4 5 6 3 5 1 3 . . 8 3 1 8 7 7 6 5 . . . 2 5 4 20 Tactical Retreats 29 | . . 1 . 3 . 2 1 1 . . 3 . . 3 2 3 . 3 . . . . . . 7 Traps | -11 -10 -10 -8 -6 -6 -6 -6 -6 -6 -5 -5 -5 -5 -5 -4 -4 -4 -4 -4 -4 -4 -3 -3 -3 -3 ------- Run | Yrd Mat Sub Scr Fac Was Fac Low Low Dat Pro Fac Upp Upp War Pro Fac Was Fac Upp Upp Zhi Pro Res Qua Frg Traps Triggered 8 | . . 1 . 1 . . . . . . 3 . . . . 1 . . . . . . . . 2 Indirectly . | . . . . . . . . . . . . . . . . . . . . . . . . . . Trap Hack Attempts . | . . . . . . . . . . . . . . . . . . . . . . . . . . Triggered . | . . . . . . . . . . . . . . . . . . . . . . . . . . Disarmed . | . . . . . . . . . . . . . . . . . . . . . . . . . . Reprogrammed . | . . . . . . . . . . . . . . . . . . . . . . . . . . Reused . | . . . . . . . . . . . . . . . . . . . . . . . . . . Traps Extracted . | . . . . . . . . . . . . . . . . . . . . . . . . . . Installed . | . . . . . . . . . . . . . . . . . . . . . . . . . . Triggered . | . . . . . . . . . . . . . . . . . . . . . . . . . . Machines | -11 -10 -10 -8 -6 -6 -6 -6 -6 -6 -5 -5 -5 -5 -5 -4 -4 -4 -4 -4 -4 -4 -3 -3 -3 -3 ---------- Run | Yrd Mat Sub Scr Fac Was Fac Low Low Dat Pro Fac Upp Upp War Pro Fac Was Fac Upp Upp Zhi Pro Res Qua Frg Machines Disabled 39 | . . 1 1 3 . 2 . . . . 3 . . 2 1 2 . . . . . . 1 5 18 Max in Single Turn 9 | . . 1 . 1 . 1 . . . . 1 . . . . 1 . . . . . . . 1 9 Garrison Access 3 | . . . . 1 . 1 . . . . 1 . . . . . . . . . . . . . . Machines Repaired . | . . . . . . . . . . . . . . . . . . . . . . . . . . Machines Dismantled . | . . . . . . . . . . . . . . . . . . . . . . . . . . Machines Sabotaged . | . . . . . . . . . . . . . . . . . . . . . . . . . . Overloaded Fab Kills . | . . . . . . . . . . . . . . . . . . . . . . . . . . Hacking | -11 -10 -10 -8 -6 -6 -6 -6 -6 -6 -5 -5 -5 -5 -5 -4 -4 -4 -4 -4 -4 -4 -3 -3 -3 -3 --------- Run | Yrd Mat Sub Scr Fac Was Fac Low Low Dat Pro Fac Upp Upp War Pro Fac Was Fac Upp Upp Zhi Pro Res Qua Frg Machines Accessed 100 | . . 2 3 16 . 12 1 . 4 . 13 1 . 5 . 6 . 8 1 . 4 . 3 9 12 Terminals 34 | . . . . 8 . 5 . . . . 3 . . . . . . 4 . . . . 1 7 6 Fabricators 7 | . . . . 1 . 1 . . . . 2 . . . . . . . . . . . . . 3 Repair Stations . | . . . . . . . . . . . . . . . . . . . . . . . . . . Recycling Units 30 | . . . . 6 . 4 . . . . 6 . . . . 6 . 4 . . . . 1 . 3 Scanalyzers 4 | . . . . . . 1 . . . . . . . . . . . . . . . . 1 2 . Garrison Access 4 | . . . . 1 . 1 . . . . 2 . . . . . . . . . . . . . . Total Hacks 254 | . . 5 28 28 . 27 1 . 29 . 20 1 . 18 . 7 . 14 1 . 17 . 6 25 27 Successful 186 | . . 5 28 8 . 13 1 . 29 . 11 1 . 18 . 6 . 13 1 . 17 . 6 17 12 Failed 68 | . . . . 20 . 14 . . . . 9 . . . . 1 . 1 . . . . . 8 15 Catastrophic 13 | . . . . 5 . 3 . . . . 2 . . . . . . . . . . . . . 3 Database Lockouts . | . . . . . . . . . . . . . . . . . . . . . . . . . . Manual 86 | . . . . 20 . 11 . . . . 12 . . 1 . 7 . 8 . . . . 2 9 16 Terminals 76 | . . . . 10 . 13 . . . . 4 . . . . . . 10 . . . . 3 21 15 Fabricators 14 | . . . . 2 . 1 . . . . 5 . . . . . . . . . . . . . 6 Repair Stations . | . . . . . . . . . . . . . . . . . . . . . . . . . . Recycling Units 45 | . . . . 14 . 7 . . . . 6 . . . . 7 . 4 . . . . 1 . 6 Scanalyzers 8 | . . . . . . 2 . . . . . . . . . . . . . . . . 2 4 . Garrison Access 11 | . . . . 2 . 4 . . . . 5 . . . . . . . . . . . . . . Terminal Hacks 135 | . . 5 28 . . 6 1 . 29 . 1 1 . 18 . . . 7 1 . 17 . 3 11 7 Record 54 | . . 4 28 . . . . . 11 . . . . 6 . . . . . . 5 . . . . Part Schematic 17 | . . . . . . . . . 11 . . . . . . . . 1 . . 4 . . 1 . Robot Schematic 4 | . . . . . . . . . 4 . . . . . . . . . . . . . . . . Robot Analysis 4 | . . . . . . . . . . . . . . . . . . . . . 4 . . . . Prototype ID Bank 18 | . . . . . . . . . 3 . . . . 11 . . . . . . 4 . . . . Open Door 4 | . . . . . . . 1 . . . . 1 . 1 . . . . 1 . . . . . . Level Access Points 1 | . . . . . . . . . . . . . . . . . . 1 . . . . . . . Branch Access Points 5 | . . . . . . 1 . . . . 1 . . . . . . 1 . . . . 1 . 1 Machine Index 1 | . . . . . . . . . . . . . . . . . . . . . . . . 1 . Terminal Index 2 | . . . . . . . . . . . . . . . . . . . . . . . 1 1 . Recycling Unit Index 1 | . . . . . . . . . . . . . . . . . . . . . . . . . 1 Garrison Index 1 | . . . . . . . . . . . . . . . . . . . . . . . . 1 . Unreport Threat 3 | . . . . . . . . . . . . . . . . . . . . . . . . 2 1 Locate Traps 2 | . . . . . . 1 . . . . . . . . . . . . . . . . . . 1 Maintenance Status 1 | . . . . . . 1 . . . . . . . . . . . . . . . . . . . Surveillance Status 1 | . . . . . . . . . . . . . . . . . . . . . . . . 1 . Patrol Status 1 | . . . . . . . . . . . . . . . . . . . . . . . . 1 . Recall Extermination 4 | . . . . . . . . . . . . . . . . . . . . . . . 1 2 1 Recall Reinforcements 1 | . . . . . . . . . . . . . . . . . . . . . . . . . 1 Hauler Manifests 2 | . . . . . . 1 . . . . . . . . . . . . . . . . . 1 . Registered Components 1 | . . . . . . . . . . . . . . . . . . 1 . . . . . . . Zone Layout 6 | . . . . . . 2 . . . . . . . . . . . 3 . . . . . . 1 Proto ID Catalog 1 | . . 1 . . . . . . . . . . . . . . . . . . . . . . . Fabricator Hacks 4 | . . . . 1 . 1 . . . . 2 . . . . . . . . . . . . . . Network Status 2 | . . . . 1 . 1 . . . . . . . . . . . . . . . . . . . Load Schematic 1 | . . . . . . . . . . . 1 . . . . . . . . . . . . . . Build 1 | . . . . . . . . . . . 1 . . . . . . . . . . . . . . Repair Station Hacks . | . . . . . . . . . . . . . . . . . . . . . . . . . . Recycling Unit Hacks . | . . . . . . . . . . . . . . . . . . . . . . . . . . Scanalyzer 8 | . . . . . . 2 . . . . . . . . . . . . . . . . 2 4 . Insert Component 6 | . . . . . . 1 . . . . . . . . . . . . . . . . 1 4 . Analyze 2 | . . . . . . 1 . . . . . . . . . . . . . . . . 1 . . Garrison Access Hacks 3 | . . . . 1 . 1 . . . . 1 . . . . . . . . . . . . . . Seal Access 3 | . . . . 1 . 1 . . . . 1 . . . . . . . . . . . . . . Unauthorized Hacks 36 | . . . . 6 . 3 . . . . 7 . . . . 6 . 6 . . . . 1 2 5 Terminals 6 | . . . . . . . . . . . . . . . . . . 2 . . . . . 2 2 Track 2 | . . . . . . . . . . . . . . . . . . 1 . . . . . . 1 Assimilate 4 | . . . . . . . . . . . . . . . . . . 1 . . . . . 2 1 Fabricators 2 | . . . . 1 . . . . . . 1 . . . . . . . . . . . . . . Prioritize 1 | . . . . . . . . . . . 1 . . . . . . . . . . . . . . Liberate 1 | . . . . 1 . . . . . . . . . . . . . . . . . . . . . Repair Stations 8 | . . . . 5 . 3 . . . . . . . . . . . . . . . . . . . Recycling Units 20 | . . . . . . . . . . . 6 . . . . 6 . 4 . . . . 1 . 3 Fedlink 28 | . . . . 5 . 3 . . . . 6 . . . . 6 . 4 . . . . 1 . 3 Scanalyzers . | . . . . . . . . . . . . . . . . . . . . . . . . . . Garrison Access . | . . . . . . . . . . . . . . . . . . . . . . . . . . Data Cores Recovered . | . . . . . . . . . . . . . . . . . . . . . . . . . . Used . | . . . . . . . . . . . . . . . . . . . . . . . . . . Hacking Detections 44 | . . . . 13 . 7 . . . . 4 . . . . . . 4 . . . . 2 6 8 Full Trace Events 2 | . . . . . . . . . . . 2 . . . . . . . . . . . . . . Feedback Events . | . . . . . . . . . . . . . . . . . . . . . . . . . . Feedback Blocked . | . . . . . . . . . . . . . . . . . . . . . . . . . . Robot Schematics Acquired 4 | . . . . . . . . . 4 . . . . . . . . . . . . . . . . Robots Built . | . . . . . . . . . . . . . . . . . . . . . . . . . . Authchips . | . . . . . . . . . . . . . . . . . . . . . . . . . . Time . | . . . . . . . . . . . . . . . . . . . . . . . . . . Total Robot Build Rating . | . . . . . . . . . . . . . . . . . . . . . . . . . . Part Schematics Acquired 19 | . . . . . . 1 . . 11 . . . . . . . . 1 . . 4 . 1 1 . Parts Built 2 | . . . . . . . . . . . 2 . . . . . . . . . . . . . . Authchips . | . . . . . . . . . . . . . . . . . . . . . . . . . . Time 58 | . . . . . . . . . . . 58 . . . . . . . . . . . . . . Total Part Build Rating 14 | . . . . . . . . . . . 14 . . . . . . . . . . . . . . Parts Repaired . | . . . . . . . . . . . . . . . . . . . . . . . . . . Time . | . . . . . . . . . . . . . . . . . . . . . . . . . . Parts Recycled . | . . . . . . . . . . . . . . . . . . . . . . . . . . Recycled Matter . | . . . . . . . . . . . . . . . . . . . . . . . . . . Retrieved Matter . | . . . . . . . . . . . . . . . . . . . . . . . . . . Retrieved Components . | . . . . . . . . . . . . . . . . . . . . . . . . . . Parts Scanalyzed 2 | . . . . . . 1 . . . . . . . . . . . . . . . . 1 . . Part Schematics Acquired 2 | . . . . . . 1 . . . . . . . . . . . . . . . . 1 . . Parts Damaged . | . . . . . . . . . . . . . . . . . . . . . . . . . . Bothacking | -11 -10 -10 -8 -6 -6 -6 -6 -6 -6 -5 -5 -5 -5 -5 -4 -4 -4 -4 -4 -4 -4 -3 -3 -3 -3 ------------ Run | Yrd Mat Sub Scr Fac Was Fac Low Low Dat Pro Fac Upp Upp War Pro Fac Was Fac Upp Upp Zhi Pro Res Qua Frg Used RIF Installer . | . . . . . . . . . . . . . . . . . . . . . . . . . . Robots Hacked . | . . . . . . . . . . . . . . . . . . . . . . . . . . Non-combat . | . . . . . . . . . . . . . . . . . . . . . . . . . . Combat . | . . . . . . . . . . . . . . . . . . . . . . . . . . Robot Hacks Applied . | . . . . . . . . . . . . . . . . . . . . . . . . . . Relay Couplers Released . | . . . . . . . . . . . . . . . . . . . . . . . . . . Fabnet Peak Effective % . | . . . . . . . . . . . . . . . . . . . . . . . . . . Robots Rewired 7 | . . . . . . . . . . . . . . 5 2 . . . . . . . . . . Allies Hacked . | . . . . . . . . . . . . . . . . . . . . . . . . . . Hacks Repelled . | . . . . . . . . . . . . . . . . . . . . . . . . . . Allies | -11 -10 -10 -8 -6 -6 -6 -6 -6 -6 -5 -5 -5 -5 -5 -4 -4 -4 -4 -4 -4 -4 -3 -3 -3 -3 -------- Run | Yrd Mat Sub Scr Fac Was Fac Low Low Dat Pro Fac Upp Upp War Pro Fac Was Fac Upp Upp Zhi Pro Res Qua Frg Total Allies 81 | . . 13 . 2 . . . 3 . . 11 5 . 5 8 10 1 7 4 . . 5 4 2 1 Largest Group 9 | . . 7 7 2 . . . 3 . . 4 4 4 9 4 6 1 5 5 5 5 5 5 4 1 Highest-Rated Group 599 | . . 133 133 74 . . . 243 . . 324 324 324 599 324 417 46 350 350 350 350 350 350 233 26 Highest-Rated Ally 81 | . . 19 19 37 . . . 81 . . 81 81 81 81 81 81 46 81 81 81 81 81 81 81 26 Total Orders 11 | . . . . . . . . . . . . . . 3 . . . . . . . . . 8 . STAY 7 | . . . . . . . . . . . . . . 3 . . . . . . . . . 4 . FOLLOW 4 | . . . . . . . . . . . . . . . . . . . . . . . . 4 . Ally Attacks 440 | . . 24 26 22 . . . . . . 81 19 7 26 61 53 12 17 . . . 40 46 6 . Total Damage 15334 | . . 429 478 608 . . . . . . 3637 511 166 1069 2372 1977 290 430 . . . 1380 1701 286 . Kills 108 | . . 5 5 4 . . . . . . 30 5 1 4 14 13 . . . . . 10 15 2 . Allies Corrupted . | . . . . . . . . . . . . . . . . . . . . . . . . . . Allies Melted 3 | . . . 2 . . . . . . . . . . . . . . . . . . . . . 1 Intel | -11 -10 -10 -8 -6 -6 -6 -6 -6 -6 -5 -5 -5 -5 -5 -4 -4 -4 -4 -4 -4 -4 -3 -3 -3 -3 ------- Run | Yrd Mat Sub Scr Fac Was Fac Low Low Dat Pro Fac Upp Upp War Pro Fac Was Fac Upp Upp Zhi Pro Res Qua Frg Active Infowar (turns) 13148 | 4 55 1784 49 2232 42 700 325 656 32 381 1137 300 439 617 517 555 51 334 248 180 82 341 435 553 1099 Optics 7504 | . . . . . . . 21 656 32 381 1137 300 439 617 517 321 51 334 248 180 82 341 435 553 859 Sensors 10224 | . . . . 2230 42 700 323 656 31 381 1135 298 439 141 517 554 51 334 248 180 73 341 435 553 562 IFF 51 | . . . 49 2 . . . . . . . . . . . . . . . . . . . . . Terrain 2676 | . . . . . . . . . . . . . 191 114 . . . . . . 30 341 435 477 1088 Seismic 1843 | 4 55 1784 . . . . . . . . . . . . . . . . . . . . . . . Machine Analysis 1097 | . . . . . . . . . . . . . . . . 232 51 334 248 180 52 . . . . Cloaking 213 | . . . . . . . . . . . . . . 10 . 6 . . 2 . . . . 2 193 Jamming 630 | . . . . . . 10 2 5 . . 16 . . . . . . . . . . . . 322 275 Robot Analysis Total 4 | . . . . . . . . . . . . . . . . . . . . . 4 . . . . Derelict Logs Recovered 17 | . . 2 5 . . . 1 2 . 1 . 1 1 . 2 . . . 1 1 . . . . . Drone Launches . | . . . . . . . . . . . . . . . . . . . . . . . . . . Drone Recoveries . | . . . . . . . . . . . . . . . . . . . . . . . . . . Exploration | -11 -10 -10 -8 -6 -6 -6 -6 -6 -6 -5 -5 -5 -5 -5 -4 -4 -4 -4 -4 -4 -4 -3 -3 -3 -3 ------------- Run | Yrd Mat Sub Scr Fac Was Fac Low Low Dat Pro Fac Upp Upp War Pro Fac Was Fac Upp Upp Zhi Pro Res Qua Frg Turns Passed 25153 | 223 55 6608 5484 3499 43 734 335 656 32 381 1137 300 439 617 517 564 51 334 248 180 82 341 435 553 1305 Spaces Moved 22454 | 67 20 3396 2168 1170 76 864 548 1135 83 865 2109 718 548 988 881 719 115 626 595 433 157 399 882 1126 1766 Core 2 | . . . . . . . . . . . . . . . . . . . . . . . . . 2 Treads 6761 | 67 20 3396 2168 1110 . . . . . . . . . . . . . . . . . . . . . Legs 204 | . . . . . . . . . . . . . . . . . . . . . . . . . 204 Wheels 58 | . . . . 58 . . . . . . . . . . . . . . . . . . . . . Hover 12 | . . . . . . . . . . . . . . 12 . . . . . . . . . . . Flight 15417 | . . . . 2 76 864 548 1135 83 865 2109 718 548 976 881 719 115 626 595 433 157 399 882 1126 1560 Fastest Speed 34 | 160 160 160 160 40 40 34 34 37 37 37 37 37 37 37 39 39 39 39 39 39 39 39 35 35 35 Average Speed 89 | 160 160 182 249 214 40 36 36 37 37 37 37 37 37 38 39 39 39 39 39 39 39 39 36 35 40 Slowest Speed 340 | 160 160 250 250 340 40 40 37 89 37 37 37 37 37 150 39 39 39 39 39 39 39 39 39 35 170 Overloaded Moves . | . . . . . . . . . . . . . . . . . . . . . . . . . . Propulsion Burnouts . | . . . . . . . . . . . . . . . . . . . . . . . . . . Robots Hopped 59 | . . . . . . 15 . . . . 3 . . 1 . 10 . 7 . 1 . 1 1 2 18 Potential Cave-ins 5 | . . . . 5 . . . . . . . . . . . . . . . . . . . . . Cave-ins Triggered . | . . . . . . . . . . . . . . . . . . . . . . . . . . Teleports 1 | . . . . . . . . . . . . . . . . . . . . . . . . . 1 Exploration Rate (%) 59 | 5 4 96 94 44 75 25 66 87 74 76 41 84 65 91 73 19 82 14 67 68 61 53 21 90 60 Regions Visited 25 Branch Regions 16 Pre-discovered Areas 11 | . . 2 . 1 . . . 1 1 . . 1 . . 2 . . . . . 3 . . . . Known Exits Taken 17 | . . . . . . 1 1 1 1 1 1 1 1 1 1 . . 1 1 1 1 1 1 1 . Unknown Exits Taken 4 | 1 1 1 1 . . . . . . . . . . . . . . . . . . . . . . Scrap Searched 45 | . . 18 3 . . . 6 4 . 1 . 3 1 . 2 . . . 2 3 . 2 . . . Spaces Dug 268 | . . 18 . 60 . 33 6 21 . 8 30 . 2 6 2 38 . 5 . 1 . 4 5 6 23 Terrain Destroyed 449 | . . 18 2 88 . 39 6 23 . 11 30 . 4 6 3 57 . 7 . 1 . 5 5 6 138 Melee 168 | . . . . 47 . 25 6 19 . 7 26 . 1 3 2 2 . . . . . . 5 6 19 Projectile 185 | . . . 2 41 . 14 . 4 . 4 4 . 3 3 1 55 . 7 . 1 . 5 . . 41 AOE 96 | . . 18 . . . . . . . . . . . . . . . . . . . . . . 78 Terrain Rammed . | . . . . . . . . . . . . . . . . . . . . . . . . . . Walls Destroyed . | . . . . . . . . . . . . . . . . . . . . . . . . . . Machines Disabled . | . . . . . . . . . . . . . . . . . . . . . . . . . . Actions | -11 -10 -10 -8 -6 -6 -6 -6 -6 -6 -5 -5 -5 -5 -5 -4 -4 -4 -4 -4 -4 -4 -3 -3 -3 -3 --------- Run | Yrd Mat Sub Scr Fac Was Fac Low Low Dat Pro Fac Upp Upp War Pro Fac Was Fac Upp Upp Zhi Pro Res Qua Frg Total 26033 | 132 42 3682 2223 1767 88 1191 667 1270 83 907 2351 746 776 1214 1038 929 120 698 610 441 176 572 967 1243 2100 Wait 2037 | 7 20 149 5 168 7 237 93 43 . 29 112 21 220 178 133 147 5 71 11 9 4 165 49 65 89 Move 22318 | 66 19 3395 2167 1170 75 834 547 1134 82 864 2102 717 547 985 880 700 114 611 594 430 156 396 879 1121 1733 Hop 54 | . . . . . . 14 . . . . 3 . . 1 . 9 . 7 . 1 . 1 1 2 15 Pick Up 133 | 2 1 29 28 27 2 8 1 2 . . 5 . . 5 . . . . 1 . 1 . 6 8 7 Fast Attach 102 | . . 2 4 22 . 3 4 6 . . 8 1 . 9 . 5 1 . 2 . 7 . 6 1 21 Attach 64 | 1 . 3 1 24 2 12 2 2 . . 1 . . . . 1 . . . . . . . 3 12 Detach 45 | . . . 3 10 . 8 . 1 . . 2 1 . 2 . 2 . . 1 . 2 . 1 3 9 Swap 174 | 4 . 20 2 83 . 11 2 7 1 3 10 2 5 5 . . . . . . 1 2 1 3 12 Drop 169 | 2 . 23 6 45 2 9 10 4 . . 9 1 . 13 . 3 . . 1 . 5 . 6 9 21 Fire 538 | 50 . 61 6 141 . 20 . 41 . 4 4 . 3 5 8 59 . 7 . 1 . 6 . 1 121 Melee 312 | . . . . 65 . 33 8 30 . 7 61 3 1 3 4 3 . 2 . . . 2 18 27 45 Ram . | . . . . . . . . . . . . . . . . . . . . . . . . . . Kick 2 | . . . . . . . . . . . . . . . . . . . . . . . . . 2 Crush 10 | . 2 . 1 7 . . . . . . . . . . . . . . . . . . . . . Escape Stasis 46 | . . . . . . . . . . . 33 . . . . . . . . . . . . . 13 Rewire 21 | . . . . . . . . . . . . . . 8 13 . . . . . . . . . . Trap . | . . . . . . . . . . . . . . . . . . . . . . . . . . Miscellaneous 8 | . . . . 5 . 2 . . . . 1 . . . . . . . . . . . . . . Route ------- -11/Scrapyard -10/Materials -10/Subcaves (discovered 5 exits: [*Mat x2] / Rec / *Scr x2) -8/Scraptown (discovered 2 exits: *Fac x2) -6/Factory (discovered 2 exits: *Fac x2) -6/Waste -6/Factory (discovered 3 exits: *Fac / *Low x2) -6/Lower Caves -6/Lower Caves -6/Data Miner -5/Proximity Caves -5/Factory (discovered 5 exits: *Fac / *Upp x2 / Ext x2) -5/Upper Caves -5/Upper Caves -5/Warlord -4/Proximity Caves -4/Factory -4/Waste -4/Factory (discovered 6 exits: Res x4 / *Upp x2) -4/Upper Caves -4/Upper Caves -4/Zhirov -3/Proximity Caves -3/Research (discovered 3 exits: *Arm / *Qua x2) -3/Quarantine (discovered 3 exits: [*Res] / *Sec / *Frg) -3/Protoforge (discovered 1 exit: [*Res]) History --------- Turn | Location | Event 30 | -11/Scrapyard | Discovered new exit (range 3) 224 | -11/Scrapyard | Entered Materials 225 | -10/Materials | Met a group of wandering Federalists 241 | -10/Materials | Discovered new exit (range 5) 279 | -10/Materials | Entered Subcaves 280 | -10/Subcaves | Continued accompanying wandering Federalists (5) 280 | -10/Subcaves | Approached by a straggling Scientist 317 | -10/Subcaves | Build established: Mutant 511 | -10/Subcaves | Learned location of Zion (-7) 527 | -10/Subcaves | Wandering Federalist uncovered a shortcut to Scraptown 583 | -10/Subcaves | Visited triangular shrine 593 | -10/Subcaves | Found Prototype Device 594 | -10/Subcaves | Identified V3-11A's Pendant 599 | -10/Subcaves | Befriended Subdweller 676 | -10/Subcaves | Shifting Twisted Machinery released Battle Rifle 722 | -10/Subcaves | Shifting Twisted Machinery released Riot Gun 1104 | -10/Subcaves | Befriended Subdweller 1104 | -10/Subcaves | Befriended Subdweller 1104 | -10/Subcaves | Befriended Subdweller 1170 | -10/Subcaves | Shifting Twisted Machinery released Mak. Shrapnel Gun 1198 | -10/Subcaves | Discovered new exit (range 13) 1601 | -10/Subcaves | Ambushed by angry Subdweller bent on revenge 1609 | -10/Subcaves | Befriended Subdweller 2088 | -10/Subcaves | Discovered new exit (range 12) 2203 | -10/Subcaves | Visited Clippyterm 2207 | -10/Subcaves | Identified exit to Recycling 2222 | -10/Subcaves | Lost 3 allies 2322 | -10/Subcaves | Shifting Twisted Machinery released Barrage Gun 2336 | -10/Subcaves | Shifting Twisted Machinery released Multitool 2448 | -10/Subcaves | Curiously followed by a Cobbler waking with a query about "LVR3C" 2553 | -10/Subcaves | Approached by friendly Subdweller 2582 | -10/Subcaves | Befriended Subdweller 2582 | -10/Subcaves | Befriended Subdweller 2802 | -10/Subcaves | Befriended Subdweller 2802 | -10/Subcaves | Befriended Subdweller 2922 | -10/Subcaves | A swath of the cavern ceiling suddenly collapsed 3035 | -10/Subcaves | Visited 4L-MR0's lab 3261 | -10/Subcaves | A swath of the cavern ceiling suddenly collapsed 3387 | -10/Subcaves | Befriended Subdweller 3387 | -10/Subcaves | Befriended Subdweller 3667 | -10/Subcaves | Befriended Subdweller 6177 | -10/Subcaves | Found Flightbrick 6887 | -10/Subcaves | Entered Scraptown 6887 | -8/Scraptown | Accompanied by 7 allies 7217 | -8/Scraptown | Delivered V3-11A's Pendant to T0-NE2 in exchange for information 7564 | -8/Scraptown | Discovered new exit (range 5) 7709 | -8/Scraptown | Scanned Subdweller tech in exchange for log data 7714 | -8/Scraptown | Learned Research trap positions 7716 | -8/Scraptown | Learned location of 1 exit from Lower Caves 7719 | -8/Scraptown | Learned location of 1 exit from Research 7726 | -8/Scraptown | Learned Factory stockpile data 7729 | -8/Scraptown | Learned Factory trap positions 7839 | -8/Scraptown | Visited Observation Area 7959 | -8/Scraptown | Visited CR-KLE's Repair Center 8041 | -8/Scraptown | Visited Red Mages 8189 | -8/Scraptown | Visited Comm Corps 8374 | -8/Scraptown | Visited Cyclists 8434 | -8/Scraptown | Visited Artisan Demo Area 8634 | -8/Scraptown | Visited Assassins FH 9139 | -8/Scraptown | Visited UFD Registry 9139 | -8/Scraptown | Registered with UFD as "Novahacker" 9199 | -8/Scraptown | Entered Cyclist Reading Room 9366 | -8/Scraptown | Visited Science Testing Area 9406 | -8/Scraptown | Visited Infowarlord's Domain 9424 | -8/Scraptown | Found Exp. Terrain Scanner 9522 | -8/Scraptown | Visited Scrap Suit Storage 9690 | -8/Scraptown | Delivered Scrap Shield to a Scientist 9972 | -8/Scraptown | Visited Junk Repository 10046 | -8/Scraptown | Visited DA-N13 Charitable Foundation 10103 | -8/Scraptown | Found DCF Scrap (30 items) 10217 | -8/Scraptown | Visited Supply Room 10258 | -8/Scraptown | Visited LU-1G1's Boring Crew 10398 | -8/Scraptown | Visited Research Penetration Think Tank 10463 | -8/Scraptown | Visited Scrapoid Research Area 10593 | -8/Scraptown | Visited Scrapoid Pod Storage 10605 | -8/Scraptown | Found Scrapoid Pod 11140 | -8/Scraptown | CR-KLE repaired 6 parts 12028 | -8/Scraptown | Met Optimus 12028 | -8/Scraptown | Accepted into 0bPrime 12311 | -8/Scraptown | Civil war broke out across Scraptown 12343 | -8/Scraptown | Discovered new exit (range 5) 12371 | -8/Scraptown | Entered Factory 12371 | -6/Factory | Accompanied by 2 allies 12371 | -6/Factory | Evolved 8 slots: Propulsion x3, Utility x5 12372 | -6/Factory | Loaded intel: 119 trap records 12376 | -6/Factory | Lost 9 allies 12404 | -6/Factory | Loaded intel: 8 recycling unit locations 12691 | -6/Factory | Build established: Subdweller-Mutant 12790 | -6/Factory | Learned location of Protoforge (-3) 13528 | -6/Factory | Build established: Mutant 14925 | -6/Factory | Discovered new exit (range 8) 14980 | -6/Factory | Identified exit to Factory 15521 | -6/Factory | First assault squad dispatched 15540 | -6/Factory | Discovered exit to Factory (range 7) 15797 | -6/Factory | Lost 4 parts (2n2u) 15862 | -6/Factory | Attached Flightbrick, gained temporary slots: Utility x3 15870 | -6/Factory | Manually triggered Chute Trap 15870 | -6/Factory | Sucked down chute 15870 | -6/Factory | Entered Waste 15878 | -6/Waste | Spotted C-40 Crusher 15880 | -6/Waste | Spotted C-40 Crusher 15885 | -6/Waste | EMP discharged 15885 | -6/Waste | System corruption reached 10% 15885 | -6/Waste | Spotted C-40 Crusher 15894 | -6/Waste | Spotted C-40 Crusher 15909 | -6/Waste | Discovered new exit (range 11) 15912 | -6/Waste | Identified exit to Factory 15913 | -6/Waste | Entered Factory 15937 | -6/Factory | Loaded intel: 8 recycling unit locations 16004 | -6/Factory | Identified exit to Lower Caves 16176 | -6/Factory | Build established: Scavenger-Mutant 16345 | -6/Factory | Discovered exit to Factory (range 11) 16647 | -6/Factory | Entered Lower Caves 16648 | -6/Lower Caves | Identified exit to Lower Caves 16649 | -6/Lower Caves | UFD Scientist delivered a prototype 16650 | -6/Lower Caves | Found Prototype Protection 16650 | -6/Lower Caves | Identified Enh. Scrap Shield 16758 | -6/Lower Caves | Spotted B-75 Beast 16769 | -6/Lower Caves | Learned Factory security intel 16811 | -6/Lower Caves | Build established: Mutant 16836 | -6/Lower Caves | Encountered a Warlord checkpoint 16982 | -6/Lower Caves | Entered another Lower Caves area 17040 | -6/Lower Caves | Learned Factory terminal intel 17054 | -6/Lower Caves | Prototype Device suddenly appears! 17058 | -6/Lower Caves | Found Prototype Device 17058 | -6/Lower Caves | Identified Amulet of Y3-NDR 17098 | -6/Lower Caves | Joined by bewildered Wizard 17099 | -6/Lower Caves | Joined by bewildered Wizard 17100 | -6/Lower Caves | Joined by bewildered Wizard 17524 | -6/Lower Caves | Build established: Hacker-Ninja 17592 | -6/Lower Caves | Attracted the attention of an 0b10 checkpoint 17610 | -6/Lower Caves | Discovered new exit (range 10) 17613 | -6/Lower Caves | Identified exit to Data Miner 17638 | -6/Lower Caves | Entered Data Miner 17638 | -6/Data Miner | Discovered new exit (range 6) 17643 | -6/Data Miner | Met Data Miner 17653 | -6/Data Miner | Learned location of Section 7 (-3) 17653 | -6/Data Miner | Acquired the access code to Warlord's prototype stash 17659 | -6/Data Miner | Received God Mode back door access code from Data Miner 17668 | -6/Data Miner | Identified exit to Proximity Caves 17670 | -6/Data Miner | Entered Proximity Caves 17706 | -5/Proximity Caves | Learned Factory terminal intel 18043 | -5/Proximity Caves | Discovered exit to Factory (range 6) 18047 | -5/Proximity Caves | Found DCF Scrap (11 items) 18051 | -5/Proximity Caves | Entered Factory 18051 | -5/Factory | Evolved 2 slots: Propulsion x1, Utility x1 18053 | -5/Factory | Loaded intel: 28 terminal locations 18070 | -5/Factory | Identified exit to Upper Caves 18070 | -5/Factory | Identified exit to Extension 18156 | -5/Factory | Loaded intel: 8 recycling unit locations 18365 | -5/Factory | Discovered new exit (range 6) 18366 | -5/Factory | Identified exit to Factory 18552 | -5/Factory | Joined by bewildered Wizard 18552 | -5/Factory | Joined by bewildered Wizard 18604 | -5/Factory | Joined by bewildered Wizard 18604 | -5/Factory | Joined by bewildered Wizard 18699 | -5/Factory | Joined by bewildered Wizard 18699 | -5/Factory | Joined by bewildered Wizard 18708 | -5/Factory | Joined by bewildered Wizard 18708 | -5/Factory | Joined by bewildered Wizard 18826 | -5/Factory | Build established: Hacker-Scout 18838 | -5/Factory | Joined by bewildered Wizard 18838 | -5/Factory | Joined by bewildered Wizard 18864 | -5/Factory | Lost 4 allies 19020 | -5/Factory | Found Prototype Launcher 19025 | -5/Factory | Fabricated Hyp. Mass Driver? 19188 | -5/Factory | Entered Upper Caves 19241 | -5/Upper Caves | Joined by bewildered Wizard 19241 | -5/Upper Caves | Joined by bewildered Wizard 19241 | -5/Upper Caves | Joined by bewildered Wizard 19276 | -5/Upper Caves | Joined by bewildered Wizard 19378 | -5/Upper Caves | Attracted the attention of an 0b10 checkpoint 19398 | -5/Upper Caves | Learned location of Armory (-3) 19426 | -5/Upper Caves | Joined by bewildered Wizard 19470 | -5/Upper Caves | Discovered new exit (range 7) 19481 | -5/Upper Caves | Identified exit to Upper Caves 19488 | -5/Upper Caves | Entered another Upper Caves area 19488 | -5/Upper Caves | Accompanied by 4 allies 19493 | -5/Upper Caves | Learned location of 1 exit from Factory 19797 | -5/Upper Caves | Attracted the attention of an 0b10 checkpoint 19848 | -5/Upper Caves | Discovered new exit (range 11) 19852 | -5/Upper Caves | Identified exit to Warlord 19927 | -5/Upper Caves | Entered Warlord 19927 | -5/Warlord | Accompanied by 4 allies 20073 | -5/Warlord | Opened Warlord's prototype stash 20086 | -5/Warlord | Found Prototype Device 20086 | -5/Warlord | Identified Exp. Focal Shield 20094 | -5/Warlord | Found Prototype Device 20094 | -5/Warlord | Identified Exp. Cloaking Device 20105 | -5/Warlord | Found Prototype Processor 20105 | -5/Warlord | Identified Exp. Target Analyzer 20129 | -5/Warlord | Visited the Vortex Lab 20131 | -5/Warlord | Found Prototype Piercing Weapon 20132 | -5/Warlord | Found Prototype Piercing Weapon 20150 | -5/Warlord | Warlord's base attacked by MAIN.C 20165 | -5/Warlord | Rebuked by Warlord 20321 | -5/Warlord | Lost 3 allies 20350 | -5/Warlord | Warlord forces counterattacked 20472 | -5/Warlord | Lost 7 allies 20475 | -5/Warlord | Spotted Striker 20495 | -5/Warlord | Spotted Striker 20513 | -5/Warlord | Spotted Executioner 20533 | -5/Warlord | Identified Vortex Lance (x2) 20540 | -5/Warlord | Discovered new exit (range 12) 20543 | -5/Warlord | Identified exit to Proximity Caves 20544 | -5/Warlord | Entered Proximity Caves 20556 | -4/Proximity Caves | Learned location of Quarantine (-3) 20558 | -4/Proximity Caves | Lost 9 allies 20593 | -4/Proximity Caves | Joined by bewildered Wizard 20593 | -4/Proximity Caves | Joined by bewildered Wizard 20614 | -4/Proximity Caves | Joined by bewildered Wizard 20618 | -4/Proximity Caves | Learned location of Testing (-2) 20620 | -4/Proximity Caves | Spotted B-86 Titan 20622 | -4/Proximity Caves | Joined by bewildered Wizard 20638 | -4/Proximity Caves | Allies destroyed B-86 Titan 20735 | -4/Proximity Caves | Discovered exit to Factory (range 10) 20772 | -4/Proximity Caves | Attracted the attention of an 0b10 outpost 20805 | -4/Proximity Caves | Joined by bewildered Wizard 20807 | -4/Proximity Caves | Joined by bewildered Wizard 20828 | -4/Proximity Caves | Lost 4 allies 21061 | -4/Proximity Caves | Entered Factory 21061 | -4/Factory | Accompanied by 3 allies 21061 | -4/Factory | Evolved 2 slots: Utility x2 21062 | -4/Factory | Identified exit to Research 21063 | -4/Factory | Loaded intel: 26 terminal locations 21075 | -4/Factory | Joined by bewildered Wizard 21076 | -4/Factory | Joined by bewildered Wizard 21106 | -4/Factory | Loaded intel: 8 recycling unit locations 21129 | -4/Factory | Joined by bewildered Wizard 21170 | -4/Factory | Joined by bewildered Wizard 21170 | -4/Factory | Joined by bewildered Wizard 21180 | -4/Factory | Joined by bewildered Wizard 21183 | -4/Factory | Joined by bewildered Wizard 21216 | -4/Factory | Lost 5 allies 21359 | -4/Factory | Build established: Hacker-Ninja 21625 | -4/Factory | Sucked down chute 21625 | -4/Factory | Entered Waste 21626 | -4/Waste | Met a frightened Derelict 21629 | -4/Waste | Spotted C-40 Crusher 21632 | -4/Waste | Spotted C-40 Crusher 21647 | -4/Waste | Spotted C-40 Crusher 21656 | -4/Waste | Spotted C-40 Crusher 21660 | -4/Waste | Spotted C-40 Crusher 21662 | -4/Waste | Spotted C-40 Crusher 21673 | -4/Waste | Discovered new exit (range 10) 21676 | -4/Waste | Identified exit to Factory 21676 | -4/Waste | Entered Factory 21733 | -4/Factory | Joined by bewildered Wizard 21733 | -4/Factory | Joined by bewildered Wizard 21834 | -4/Factory | Identified exit to Upper Caves 21860 | -4/Factory | Joined by bewildered Wizard 21861 | -4/Factory | Joined by bewildered Wizard 21886 | -4/Factory | Loaded intel: 8 recycling unit locations 21906 | -4/Factory | Joined by bewildered Wizard 21906 | -4/Factory | Joined by bewildered Wizard 22010 | -4/Factory | Entered Upper Caves 22010 | -4/Upper Caves | Accompanied by 1 ally 22050 | -4/Upper Caves | Joined by bewildered Wizard 22051 | -4/Upper Caves | Joined by bewildered Wizard 22102 | -4/Upper Caves | Joined by bewildered Wizard 22103 | -4/Upper Caves | Joined by bewildered Wizard 22129 | -4/Upper Caves | Learned Research stockpile data 22250 | -4/Upper Caves | Discovered new exit (range 5) 22254 | -4/Upper Caves | Identified exit to Upper Caves 22258 | -4/Upper Caves | Entered another Upper Caves area 22258 | -4/Upper Caves | Accompanied by 5 allies 22316 | -4/Upper Caves | Learned Research security intel 22397 | -4/Upper Caves | Discovered new exit (range 18) 22435 | -4/Upper Caves | Identified exit to Zhirov 22438 | -4/Upper Caves | Entered Zhirov 22438 | -4/Zhirov | Accompanied by 5 allies 22439 | -4/Zhirov | Discovered new exit (range 3) 22446 | -4/Zhirov | Met Zhirov 22453 | -4/Zhirov | Learned location of Command (-1) 22457 | -4/Zhirov | Zhirov requested help retrieving the SGEMP Prototype 22470 | -4/Zhirov | Found Alien Artifact 22470 | -4/Zhirov | Identified Integrated Dissipator 22470 | -4/Zhirov | Installed Integrated Dissipator, increased core heat dissipation (+20) 22496 | -4/Zhirov | Found Alien Artifact 22515 | -4/Zhirov | Identified exit to Proximity Caves 22520 | -4/Zhirov | Entered Proximity Caves 22520 | -3/Proximity Caves | Accompanied by 5 allies 22634 | -3/Proximity Caves | Joined by bewildered Wizard 22642 | -3/Proximity Caves | Spotted B-86 Titan 22673 | -3/Proximity Caves | Discovered exit to Research (range 8) 22700 | -3/Proximity Caves | Joined by bewildered Wizard 22700 | -3/Proximity Caves | Joined by bewildered Wizard 22720 | -3/Proximity Caves | Joined by bewildered Wizard 22720 | -3/Proximity Caves | Joined by bewildered Wizard 22846 | -3/Proximity Caves | Received a Behemoth hack from an annoying Tinkerer 22861 | -3/Proximity Caves | Entered Research 22861 | -3/Research | Accompanied by 5 allies 22861 | -3/Research | Evolved 2 slots: Power x1, Propulsion x1 22862 | -3/Research | Identified exit to Quarantine 22863 | -3/Research | Loaded intel: 75 trap records 22960 | -3/Research | Garrison activated, responded to threat 22995 | -3/Research | Joined by bewildered Wizard 23031 | -3/Research | Found Imp. Powered Armor 23035 | -3/Research | Discovered new exit (range 21) 23092 | -3/Research | Identified exit to Armory 23267 | -3/Research | Loaded intel: 5 recycling unit locations 23280 | -3/Research | Joined by bewildered Wizard 23280 | -3/Research | Joined by bewildered Wizard 23282 | -3/Research | Joined by bewildered Wizard 23287 | -3/Research | Spotted B-90 Cyclops 23288 | -3/Research | Lost 3 allies 23296 | -3/Research | Entered Quarantine 23296 | -3/Quarantine | Accompanied by 3 allies 23303 | -3/Quarantine | Found Alien Reactor 23334 | -3/Quarantine | Cryocooling Duct disabled 23349 | -3/Quarantine | Ambient heat levels rising (+20) 23349 | -3/Quarantine | Non-combat units ordered to evacuate 23350 | -3/Quarantine | Identified Matter Drive 23350 | -3/Quarantine | Identified Transdimensional Reconstructor 23577 | -3/Quarantine | Found Alien Impact Weapon 23589 | -3/Quarantine | Identified Core Stripper 23602 | -3/Quarantine | Found Fusion Bomb Launcher 23615 | -3/Quarantine | Found Prototype Device 23625 | -3/Quarantine | Identified Exp. Thermal Defense Suite 23742 | -3/Quarantine | Discovered new exit (range 17) 23757 | -3/Quarantine | Found Alien Slashing Weapon 23757 | -3/Quarantine | Identified Sigix Broadsword 23768 | -3/Quarantine | Found Alien Artifact 23820 | -3/Quarantine | Spotted Fortress 23844 | -3/Quarantine | Discovered new exit (range 5) 23844 | -3/Quarantine | Discovered new exit (range 6) 23845 | -3/Quarantine | Identified exit to Protoforge 23846 | -3/Quarantine | Identified exit to Section 7 23849 | -3/Quarantine | Entered Protoforge 23929 | -3/Protoforge | Superfortress began startup sequence 24154 | -3/Protoforge | Found Prototype Launcher 24154 | -3/Protoforge | Identified Cep. Concussive Dispersal Blaster 24258 | -3/Protoforge | Discovered new exit (range 18) 24258 | -3/Protoforge | Spotted Immortal 24258 | -3/Protoforge | Spotted Immortal 24258 | -3/Protoforge | Spotted Hotshot 24258 | -3/Protoforge | Spotted Hotshot 24258 | -3/Protoforge | Spotted Immortal 24265 | -3/Protoforge | Spotted Hotshot 24265 | -3/Protoforge | Spotted Hotshot 24406 | -3/Protoforge | Spotted Overlord 24428 | -3/Protoforge | Spotted Decapitator 24428 | -3/Protoforge | Spotted Decapitator 24428 | -3/Protoforge | Spotted Decapitator 24497 | -3/Protoforge | Spotted EXE-6 24497 | -3/Protoforge | Spotted EXE-6 24505 | -3/Protoforge | Spotted SKR-2 24513 | -3/Protoforge | UFD initiated attack on Protoforge 24513 | -3/Protoforge | Loaded intel: 3 recycling unit locations 24543 | -3/Protoforge | Spotted AP7-3 24551 | -3/Protoforge | Optimus greeted in Protoforge 24558 | -3/Protoforge | Forge Plexus network access discovered 24563 | -3/Protoforge | Found Exp. Armor Integrity Analyzer 24566 | -3/Protoforge | Found Exp. Core Analyzer 24569 | -3/Protoforge | Found Cep. XC Strikerail 24574 | -3/Protoforge | Found Exp. Core Analyzer 24576 | -3/Protoforge | Spotted SKR-2 24578 | -3/Protoforge | Spotted Decapitator 24580 | -3/Protoforge | Spotted Decapitator 24580 | -3/Protoforge | Spotted Decapitator 24628 | -3/Protoforge | Spotted EXE-6 24639 | -3/Protoforge | Spotted EXE-6 24673 | -3/Protoforge | Spotted AP7-3 24687 | -3/Protoforge | Found Cep. XC Strikerail 24705 | -3/Protoforge | Lost 6 allies 24753 | -3/Protoforge | Spotted Striker 24764 | -3/Protoforge | Destroyed Striker 24766 | -3/Protoforge | System corruption reached 10% 24793 | -3/Protoforge | Lost 4 allies 24794 | -3/Protoforge | Spotted Striker 24797 | -3/Protoforge | Spotted Striker 24797 | -3/Protoforge | Destroyed Striker 24797 | -3/Protoforge | Destroyed Striker 24819 | -3/Protoforge | Spotted Striker 24820 | -3/Protoforge | Spotted Striker 24823 | -3/Protoforge | Destroyed Striker 24835 | -3/Protoforge | Spotted Striker 24838 | -3/Protoforge | P-80 Master assimilated allied 03F25-D 24848 | -3/Protoforge | Destroyed Striker 24848 | -3/Protoforge | P-80 Master assimilated allied 03F30-D 24853 | -3/Protoforge | P-80 Master assimilated allied Lugger 633 24858 | -3/Protoforge | Spotted Executioner 24869 | -3/Protoforge | Destroyed Executioner 24882 | -3/Protoforge | Lost 9 allies 24930 | -3/Protoforge | Destroyed 29 combat bots 24940 | -3/Protoforge | Spotted Executioner 24945 | -3/Protoforge | Destroyed Executioner 24972 | -3/Protoforge | Spotted Executioner 24985 | -3/Protoforge | Destroyed Executioner 24999 | -3/Protoforge | Lost 4 allies 25009 | -3/Protoforge | Spotted Executioner 25012 | -3/Protoforge | Spotted Striker 25013 | -3/Protoforge | Destroyed Executioner 25028 | -3/Protoforge | Build established: Scavenger-Mutant 25084 | -3/Protoforge | Destroyed Hotshot 25091 | -3/Protoforge | Spotted Striker 25093 | -3/Protoforge | Spotted Striker 25096 | -3/Protoforge | Spotted Executioner 25100 | -3/Protoforge | Spotted Executioner 25101 | -3/Protoforge | Warped through subspace 25101 | -3/Protoforge | Spotted Hotshot 25101 | -3/Protoforge | Spotted Hotshot 25101 | -3/Protoforge | Spotted Hotshot 25101 | -3/Protoforge | Spotted Hotshot 25101 | -3/Protoforge | Spotted Hotshot 25101 | -3/Protoforge | Spotted Hotshot 25101 | -3/Protoforge | Spotted Hotshot 25104 | -3/Protoforge | Lost 3 allies 25106 | -3/Protoforge | Destroyed Hotshot 25108 | -3/Protoforge | Destroyed Hotshot 25114 | -3/Protoforge | Core integrity fell below 50% 25122 | -3/Protoforge | Core integrity fell below 20% 25134 | -3/Protoforge | Spotted Executioner 25135 | -3/Protoforge | Spotted Hotshot 25151 | -3/Protoforge | Spotted Executioner 25154 | -3/Protoforge | Destroyed by Executioner with Helical Railgun Last Messages --------------- 25135_ Graphene Brace destroyed. 25137_ N-04 Retriever collects 0bPrime Scrap Suit. 25141_ Executioner suffers critical hit (Burn). 25142_ Executioner destroyed. 25143_ Dropped Alien Artifact. 25145_ 03F04-K cannibalizes Imp. Phase Shifter to repair Mak. Coolant Network. 25145_ Acquired Enh. Biometal Leg. 25146_ Acquired 84 matter. 25148_ N-04 Retriever collects Helical Railgun. 25150_ System corrupted: Substantial component data lost. 25151_ N-04 Retriever collects Corrupted Mak. Microdissipator Network. 25151_ N-04 Retriever collects Ovr. Huge Scrapsphere. 25153_ N-04 Retriever collects Lgt. Antimatter Reactor. 25154_ Penetrated by Slug. Map ----- +----------------------------------------------------+ | ############## ######## "" | | ##+################ #####?## " "" | | ######## "" "" """" | | ########?## " "" | | T ########### %" "" " """ | | ######## ^ ########### " " "" """""" | | # """" # ## "" | | """ # """" # """## "" "" | | """" # """" # """## """"" "" " | | " "" # """" # """## " " " | | """ + + """## " " "" """ | | " " # # """## """"" "" " | | ######## # """## " "" " | | ######## # """## """" "" | | ###### " # ## """" "" | | #""####"#"###"" ;"T######## " | | !! % %" ;;######### "" " " | | % % %% " # ## " "" | | % %" "# ### # " "" """ | | ####"##"" % ;;; % " # " """" | | # *# % ; ; "## ####### % % " """" | | # """ "# = ; ; % # # # "" """" | | # T##### ; % # # ###n "" " """"" | | # """ "##### ; %%%% % "" " """"" | | # ##### ; % %%% % """"" | | #########" ; % %% @%% % n """"" | | # " ; %% # # ### & " """"" | | # # # % # # #*#! """"" | | # ## # " ## # =#/= """"" | | # ###### ### # # # """"" | | # ###### ########### % " """"" | | # ###### ####?###### """" | | # #####% ########### """" | | # #####"% #######?### % % " """" | | # #####" !########### % % """ | | #####"""#######%%%########### % "" | | %&%! %%|%" ###### % " | | !!! "%%=%########### "" "" "" | | ![ % [[ ########### "" "" % " | | ^ ########### "" """ | | """" % ########### " " % | | """" #"##"###"############# " " "%% | | """" # ############### " " """ " | | """" # """" ############### " """ | | + """" ############### "" " | | # """" ############### " " "" " " | | # """" #####?######### " " | | # ########??##### "" " " """ | | #####+##############?######## "" " " " " | | # ? ################### " "" | +----------------------------------------------------+ Best States ------------- Heat Dissipation 66 Energy Generation 53 Energy Capacity 600 Matter Stores 300 Matter Capacity 300 Sight Range 22 Robot Scan Range 16 Terrain Scan Range 30 Terrain Scan Density 85 Jamming Range 12 Cloak Strength 4 Armor Coverage 1025 Resistance: KI 30 Weapon Shielding 90 Evasion (%) 63 Targeting Accuracy 14 Core Analysis 12 Armor Integrity Analysis 50 Recoil Reduction 5 Offensive Hacking 42 Defensive Hacking 14 Item Schematics ----------------- Biomechanical Wings | -6/Factory | Scanalyzed Combat Drone Bay | -6/Data Miner | Free Lgt. Regenerative Plating | -6/Data Miner | Free Enh. Armored Leg | -6/Data Miner | Free Prc. Matter Filter | -6/Data Miner | Free Kinetic Spear | -6/Data Miner | Free Imp. Antigrav System | -6/Data Miner | Free Adv. Hardlight Generator | -6/Data Miner | Free Hyp. Mass Driver | -6/Data Miner | Free Neutrino Core | -6/Data Miner | Free Adv. Target Analyzer | -6/Data Miner | Free Adv. Force Field | -6/Data Miner | Free Adv. Weapon Cycler | -4/Factory | Hacked Assault Drone Bay | -4/Zhirov | Free Exp. Heat Sink | -4/Zhirov | Free Exp. Optical Array | -4/Zhirov | Free Imp. Arc Thrower | -4/Zhirov | Free Exp. Coolant Injector | -3/Research | Scanalyzed Hvy. Shield Leg | -3/Quarantine | Hacked Robot Schematics ------------------ R-10 Processor | -6/Data Miner | Free Y-64 Sentinel | -6/Data Miner | Free Y-54 Guardian | -6/Data Miner | Free B-48 Gladiator | -6/Data Miner | Free Fabricated ------------ Hyp. Mass Driver | x2 | -5/Factory Repaired ---------- Nothing Alien Tech Used ----------------- Integrated Dissipator Sigix Broadsword Transdimensional Reconstructor Achievements -------------- None Challenges ------------ None Game ------ Seed PrecisionSwordPick Manual? 0 Play Time 08:58:32 Cumulative 1640.6 hours Start 2025.05.06 @ 17:28:42 End 2025.05.11 @ 22:16:52 Sessions 3 Manual Loads 0 Difficulty Rogue Special Mode None Game No. 436 Rogue 436 Adventurer 0 Explorer 0 Win Type - Total 98 Types 14/18/21/3/1/2/35/2/2/0 Lore% 75 Gallery% 86 Achievement% 89 Wizard Run 0 Options --------- Layout 2 ASCII 0 Keyboard 0 Movement Numpad Keybinds 0 Fullscreen 2 Font 32/Tamsyn Map View 50x44 Zoom Use 0% Tactical HUD 1 Map Filters NONE Filters NONE Steam 1 RUN: e98958ae-dbe4-426d-b00b-46006c66e94d